 Dungeon Crawl Stone Soup version 0.28-a0-265-g048bc9fd10 (webtiles) character file.

Game seed: 5580525419221541895

32 pyrow613 the Grasshopper (level 2, -7/24 HPs)
             Began as a Demigod Warper on Aug 27, 2021.
             Mangled by a gnoll (11 damage)
             ... on level 3 of the Dungeon.
             The game lasted 00:04:27 (1778 turns).

pyrow613 the Grasshopper (Demigod Warper)           Turns: 1778, Time: 00:04:27

Health: -7/24      AC: 12    Str: 12    XL:     2   Next: 96%
Magic:  7/7        EV:  5    Int: 15    God:
Gold:   101        SH:  0    Dex: 13    Spells: 3/5 levels left

rFire   + . .      SeeInvis .   a - +0 falchion
rCold   . . .      Faith    .   (no shield)
rNeg    . . .      Spirit   .   i - +1 chain mail {rF+}
rPois   .          Reflect  .   (no helmet)
rElec   .          Harm     .   m - +2 cloak {Will+}
rCorr   .          Rampage  .   (no gloves)
Will    +....                   (no boots)
Stlth   ..........              (no amulet)
HPRegen 0.08/turn               (no ring)
MPRegen 0.10/turn               (no ring)

@: no status effects
A: high mp 1, forlorn
a: no special abilities


You were on level 3 of the Dungeon.
You visited 1 branch of the dungeon, and saw 3 of its levels.

You collected 101 gold pieces.

Inventory:

Hand Weapons
 a - a +0 falchion (weapon)
 k - a +0 hunting sling
Missiles
 d - 5 boomerangs of dispersal
 l - 15 poisoned darts (quivered)
Armour
 i - a +1 chain mail of fire resistance (worn)
 m - a +2 cloak of willpower (worn)
Jewellery
 b - a ring of poison resistance
Wands
 j - a wand of iceblast (8)
Scrolls
 c - a scroll of blinking
 e - 2 scrolls of identify {unknown}
Potions
 f - 2 potions of attraction {unknown}
 g - a potion of heal wounds {unknown}
 h - 3 potions of curing {unknown}
 n - a potion of cancellation {unknown}


   Skills:
 * Level 2.1 Fighting
 * Level 2.1 Long Blades
 - Level 0.8 Throwing
 - Level 1.0 Armour
 - Level 1.9 Dodging
 + Level 2.0 Spellcasting
 + Level 3.1 Translocations


You had 3 spell levels left.
You knew the following spells:

 Your Spells              Type           Power      Damage    Failure   Level
a - Blink                 Tloc           N/A        N/A       99%         2

Your spell library contained the following spells:

 Spells                   Type           Power      Damage    Failure   Level
 Gell's Gravitas          Tloc           5%         N/A       100%        3
 Lesser Beckoning         Tloc           5%         N/A       100%        3
 Ozocubu's Armour         Ice            1%         N/A       100%        3
 Teleport Other           Tloc           10%        N/A       100%        3
 Manifold Assault         Tloc           10%        N/A       100%        5
 Metabolic Englaciation   Hex/Ice        0%         N/A       100%        5
 Simulacrum               Ice/Necr       0%         N/A       100%        6


Dungeon Overview and Level Annotations

Branches:
Dungeon (3/15)


Innate Abilities, Weirdness & Mutations

Your attributes grow dramatically as you level up.
You have an increased reservoir of magic. (+10% MP)
You shall have no god before yourself.


Message History

You slash the ball python!
You kill the ball python!
No target in view!
Found a blue potion.
A hobgoblin comes into view.
The hobgoblin shouts!
You see here a staff of poison.
A gnoll comes into view. It is wielding a +0 halberd.
The gnoll shouts!
A rat comes into view.
The hobgoblin hits you.
You hit the hobgoblin but do no damage.
A gnoll comes into view. It is wielding a +0 whip.
The hobgoblin hits you but does no damage.
The gnoll shouts!
You slash the hobgoblin!
You kill the hobgoblin!
The gnoll barely misses you.
There is a stone staircase leading up here.
The gnoll hits you from afar with a +0 halberd!
The gnoll hits you with a +0 halberd!
* * * LOW HITPOINT WARNING * * *
There is a stone staircase leading up here.
The gnoll hits you but does no damage. The gnoll hits you but does no damage.
The rat twitches its whiskers.
The gnoll hits you but does no damage.
Casting: Blink (potentially lethal; 99% risk of failure)
Confirm with . or Enter, or press ? or * to list all spells.
Okay, then.
Unknown command.
Aiming: Iceblast
Press: ? - help, Shift-Dir - straight line, f - gnoll
Aim: a gnoll, wielding a +0 halberd The mass of ice explodes!
The iceblast engulfs the gnoll!
The gnoll is severely wounded.
The iceblast engulfs the gnoll!!
You kill the gnoll!
The gnoll hits you from afar with a +0 halberd!
You die...

........##.......#
##..###..<.......#
....# ####.......#
....# #.......#
....# ###..r....#
.)..####.....)...#
.........#....g..#
....######.......#
##### #......@#
#########


You could see a gnoll and a rat.

Vanquished Creatures
  A gnoll (D:3)
  A worm (D:2)
  A bat (D:2)
  2 endoplasms
  A giant cockroach (D:1)
  4 goblins
  3 hobgoblins
  4 jackals (D:1)
  3 quokkas (D:1)
  2 ball pythons
  A kobold (D:1)
  2 rats (D:2)
25 creatures vanquished.

Notes
Turn   | Place    | Note
-------+----------+-------------------------------------------
     0 | D:1      | pyrow613 the Demigod Warper began the quest for the Orb.
     0 | D:1      | Reached XP level 1. HP: 17/17 MP: 5/5
   204 | D:1      | Reached skill level 1 in Armour
   215 | D:1      | Reached skill level 3 in Translocations
   312 | D:1      | Reached XP level 2. HP: 23/24 MP: 7/7
   323 | D:1      | Learned a level 2 spell: Blink
  1778 | D:3      | Mangled by a gnoll

Illustrated notes

Levels and vault maps discovered:
D:1:      dpeg_arrival_stone_temple_mockup, layout_rooms, minmay_tripent
D:2:      layout_rooms, hellmonk_ecumenical_altar_zigzags,
          kennysheep_generic_room_15
D:3:      layout_rooms, grunt_decor_arrowhead

Skill      XL: |  1  2 |
---------------+-------+-----
Armour         | 1 |  1.0
Translocations | 3 |  3.1
Spellcasting   | 2 |  2.0
Long Blades    | 2 |  2.1
Fighting       | 2 |  2.1
Throwing       | |  0.8
Dodging        | |  1.9

Action                   || total
-------------------------++-------
Melee: Falchion          ||    93
Evoke: Wand              ||     1
Armor: Leather armour    ||    18
       Chain mail        ||    30
Dodge: Dodged            ||    50

Table legend: (Time is in decaauts)
 A = Elapsed time spent in this place.
 B = Non-inter-level travel time spent in this place.
 C = Inter-level travel time spent in this place.
 D = Time resting spent in this place.
 E = Time spent auto-exploring this place.
 F = Levels seen in this place.
 G = Mean time per level.
                   A        B        C        D        E       F      G
               +--------+--------+--------+--------+--------+-----+--------+
         Total |   1796 |   1699 |     97 |    101 |   1301 |   3 |  598.7 |
       Dungeon |   1796 |   1699 |     97 |    101 |   1301 |   3 |  598.7 |
               +--------+--------+--------+--------+--------+-----+--------+

Top non-repeatable levels by time:
     D:1: 930 daAuts
     D:2: 798 daAuts
     D:3: 67 daAuts
